 Dungeon Crawl Stone Soup version 0.21-a0-186-g02e8684 (webtiles) character file.

22 wolfsongas the Sneak (level 2, 0/19 HPs)
             Began as an Octopode Assassin on Aug 13, 2017.
             Slain by an adder (2 damage)
             ... on level 2 of the Dungeon.
             The game lasted 00:01:31 (1052 turns).

wolfsongas the Sneak (Octopode Assassin)            Turns: 1052, Time: 00:01:32

Health: 0/19       AC:  1    Str: 10    XL:     2   Next: 91%
Magic:  2/2        EV: 13    Int: 13    God:
Gold:   58         SH:  0    Dex: 13    Spells: 1/1 levels left

rFire    . . .     SeeInvis .   a - +2 dagger
rCold    . . .     Gourm    .   (no shield)
rNeg     . . .     Faith    .   (helmet restricted)
rPois    .         Spirit   .   (no amulet)
rElec    .         Reflect  .   (no ring)
rCorr    .         Harm     .   (no ring)
MR       .....                  (no ring)
Stlth    ++++......             (no ring)
HPRegen  0.06/turn              (no ring)
MPRegen  0.08/turn              (no ring)
                                (no ring)
                                (no ring)

@: lethally poisoned (0 -> -9)
A: almost no armour, stealthy swim, amphibious, 8 rings, constrict 8, camouflage
1, gelatinous body 1
a: no special abilities


You were on level 2 of the Dungeon.
You were not hungry.

You visited 1 branch of the dungeon, and saw 2 of its levels.

You collected 58 gold pieces.

Inventory:

Hand Weapons
 a - a +2 dagger (weapon)
 b - a +0 blowgun
Missiles
 c - 8 poisoned needles
 d - 2 curare-tipped needles
Scrolls
 i - a scroll of amnesia {unknown}
Comestibles
 f - a bread ration
 h - a royal jelly
 k - a meat ration


   Skills:
 - Level 2.0 Fighting
 * Level 2.6 Short Blades
 - Level 2.0 Throwing
 - Level 1.0 Dodging
 + Level 6.0 Stealth


You had one spell level left.
You didn't know any spells.

Dungeon Overview and Level Annotations

Branches:
Dungeon (2/15)

Altars:


Innate Abilities, Weirdness & Mutations

You cannot wear most types of armour.
You are very stealthy in the water. (Stealth+)
You are amphibious.
You can wear up to eight rings at the same time.
You can use your tentacles to constrict eight enemies at once.
Your skin changes colour to match your surroundings (Stealth+).
Your rubbery body absorbs attacks. (AC +1, EV +1)


Message History

You are too injured to fight recklessly!
You are too injured to fight recklessly!
You are too injured to fight recklessly!
You are too injured to fight recklessly!
You completely miss the adder. Your grab misses the adder.
Your squeeze misses the adder. The adder bites you.
You hit the adder. Your grab misses the adder. Your squeeze misses the adder.
The adder is moderately wounded.
* * * LOW HITPOINT WARNING * * *
You feel sick. The adder bites you.
* * * LOW HITPOINT WARNING * * *
You are more poisoned.
The adder poisons you!
A jackal comes into view.
The jackal barks!
You hit the adder. Your grab misses the adder.
The adder is severely wounded.
* * * LOW HITPOINT WARNING * * *
You feel sick. The adder bites you.
You die...

..#.....##.. ..
.....r..... .
...$......# .###
...r......# .....
..........##....
.............# #.
...........#.# ..
.h....S@...#.# ##.
........##...##.. #
.##.###.#...##..##.#
#.......#.##.....
.#...###.##..#
#..#........#
....#.......###.###
#..................
##..#......#####<#.


You could see an adder, a quokka (wandering), a jackal and a rat.

Vanquished Creatures
  A worm (D:2)
  4 giant cockroaches (D:1)
  A goblin (D:1)
  3 hobgoblins (D:1)
  3 jackals (D:2)
  2 bats (D:1)
  A frilled lizard (D:1)
  2 rats (D:1)
17 creatures vanquished.

Notes
Turn   | Place    | Note
-------+----------+-------------------------------------------
     0 | D:1      | wolfsongas the Octopode Assassin began the quest for the Orb.
     0 | D:1      | Reached XP level 1. HP: 14/14 MP: 1/1
   258 | D:1      | Reached XP level 2. HP: 19/19 MP: 2/2
   775 | D:2      | Reached skill level 6 in Stealth
  1052 | D:2      | Slain by an adder

Vault maps used:
D:1:      dpeg_arrival_renting, feat_on_display
D:2:      nicolae_overflow_crystal_walls, nicolae_gozag_seed_capital,
          first_bread, minmay_pentomino_o2

Skill      XL: |  1  2 |
---------------+-------+-----
Stealth        | 6 |  6.0
Fighting       | |  2.0
Short Blades   | |  2.6
Throwing       | |  2.0
Dodging        | |  1.0

Action                   || total
-------------------------++-------
Melee: Dagger            ||    47
       Constrict         ||     5
       Tentacles         ||     1
  Use: Potion            ||     3
 Stab: Sleeping          ||     6
Armor: Skin              ||    30
Dodge: Dodged            ||    17
